 Dungeon Crawl Stone Soup version 0.28.0 (webtiles) character file.

Game seed: 3646690474013080339

26170 PieDemon the Unseen (level 12, -5/60 HPs)
             Began as a Spriggan Ice Elementalist on Feb 14, 2022.
             Was a Believer of Dithmenos.
             Slain by a five-headed hydra (11 damage)
             ... on level 5 of the Lair of Beasts on Feb 15, 2022.
             The game lasted 01:36:16 (16472 turns).

PieDemon the Unseen (Spriggan Ice Elementalist)    Turns: 16472, Time: 01:36:17

Health: -5/60      AC:  3    Str:  4    XL:     12   Next: 96%
Magic:  16/22      EV: 29    Int: 22    God:    Dithmenos [**....]
Gold:   787        SH:  0    Dex: 24    Spells: 4/23 levels left

rFire   + + .      SeeInvis +   h - +3 dagger
rCold   + + .      Faith    .   (no shield)
rNeg    + + .      Spirit   .   R - +0 steam dragon scales
rPois   +          Reflect  .   m - -2 hat of the Alchemist {rElec rPois rF+ rC+ rN+ Will+ rMut rCorr}
rElec   +          Harm     .   C - scarf {rC+ rF+}
rCorr   +          Rampage  .   (gloves unavailable)
rMut    +          NoTele   +   (boots unavailable)
Will    +++..                   q - amulet of Xom's Ringing Laughter {-Tele rPois rN+ Regen+ Dex+3}
Stlth   ++++++++++              M - +6 ring of intelligence
HPRegen 1.00/turn               a - ring of wizardry
MPRegen 0.18/turn

@: wreathed by umbra, very quick
A: very small, no large weapons, unfitting armour, see invisible, speed 3
a: Renounce Religion, Shadow Step


You were on level 5 of the Lair of Beasts.
You worshipped Dithmenos.
Dithmenos was pleased with you.
You visited 3 branches of the dungeon, and saw 17 of its levels.

You collected 852 gold pieces.
You spent 65 gold pieces at shops.

Inventory:

Hand Weapons
 h - a +3 dagger (weapon)
Missiles
 e - 32 poisoned darts
 o - 7 throwing nets
Armour
 m - the -2 hat of the Alchemist (worn) {rElec rPois rF+ rC+ rN+ Will+ rMut rCorr}
   (You acquired it on level 4 of the Dungeon)

   rF:        It protects you from fire.
   rC:        It protects you from cold.
   rElec:     It insulates you from electricity.
   rPois:     It protects you from poison.
   rN:        It protects you from negative energy.
   rCorr:     It protects you from acid and corrosion.
   rMut:      It protects you from mutation.
   Will:      It increases your willpower.
 C - a scarf of resistance (worn)
 O - an orb of energy
 R - +0 steam dragon scales (worn)
Jewellery
 a - a ring of wizardry (right hand)
 q - the amulet of Xom's Ringing Laughter (around neck) {-Tele rPois rN+ Regen+ Dex+3}
   (You acquired it on level 4 of the Dungeon)

   [amulet of regeneration]

   Dex:       It affects your dexterity (+3).
   rPois:     It protects you from poison.
   rN:        It protects you from negative energy.
   -Tele:     It prevents most forms of teleportation.
   Regen:     It increases your rate of health regeneration.
 J - an amulet of regeneration
 L - a ring of flight
 M - a +6 ring of intelligence (left hand)
 P - a ring of willpower
 Q - a +6 ring of strength
Wands
 l - a wand of iceblast (10)
 r - a wand of mindburst (6)
 I - a wand of digging (5)
 N - a wand of flame (5)
 S - a wand of acid (6)
 U - a wand of charming (10)
 V - a wand of polymorph (6)
Scrolls
 f - a scroll of magic mapping
 g - a scroll of holy word {unknown}
 i - 3 scrolls of identify
 j - a scroll of immolation {unknown}
 k - a scroll of amnesia
 n - a scroll of blinking
 p - 4 scrolls of teleportation
 u - a scroll of summoning {unknown}
 x - 2 scrolls of enchant armour
 y - 2 scrolls of vulnerability
 B - a scroll of brand weapon {unknown}
 H - 2 scrolls of fear
 T - a scroll of fog {unknown}
Potions
 b - 2 potions of lignification
 c - a potion of haste {unknown}
 s - 3 potions of flight
 t - 10 potions of curing
 v - 5 potions of might
 w - 4 potions of heal wounds
 z - a potion of ambrosia
 A - 4 potions of brilliance
 D - 3 potions of attraction
 E - 4 potions of mutation
 F - 2 potions of resistance
 G - a potion of magic {unknown}
 K - a potion of invisibility {unknown}


   Skills:
 + Level 5.6 Fighting
 - Level 4.1 Short Blades
 - Level 12.0 Dodging
 + Level 19.6 Stealth
 + Level 6.1 Spellcasting
 * Level 10.4 Hexes
 - Level 4.0 Ice Magic
 - Level 4.0 Invocations
 - Level 10.0 Evocations


You had 4 spell levels left.
You knew the following spells:

 Your Spells              Type           Power      Damage    Failure   Level
a - Ensorcelled Hibernat  Hex/Ice        76%        N/A       1%          2
b - Frozen Ramparts       Ice            48%        1d6       2%          3
c - Ozocubu's Armour      Ice            24%        N/A       2%          3
d - Freeze                Ice            96%        1d11      1%          1
e - Tukima's Dance        Hex            52%        N/A       1%          3
f - Enfeeble              Hex            26%        N/A       38%         7

Your spell library contained the following spells:

 Spells                   Type           Power      Damage    Failure   Level
 Portal Projectile        Hex/Tloc       58%        N/A       1%          3
 Anguish                  Hex/Necr       14%        N/A       4%          4
 Leda's Liquefaction      Hex/Erth       14%        N/A       4%          4
 Blink                    Tloc           12%        N/A       6%          2
 Corpse Rot               Necr/Air       12%        N/A       6%          2
 Poisonous Vapours        Pois/Air       12%        N/A       6%          2
 Ignite Poison            Fire/Tmut/Pois 6%         N/A       11%         3
 Mephitic Cloud           Conj/Pois/Air  6%         N/A       11%         3
 Hailstorm                Conj/Ice       15%        3d5       16%         4
 Metabolic Englaciation   Hex/Ice        19%        N/A       5%          5
 Freezing Cloud           Conj/Ice/Air   6%         6-21      47%         5
 Blade Hands              Tmut           3%         N/A       65%         5
 Excruciating Wounds      Necr           3%         N/A       65%         5
 Irradiate                Conj/Tmut      3%         3d15      65%         5
 Lee's Rapid Deconstruct  Erth           3%         3d6*      65%         5
 Manifold Assault         Tloc           6%         N/A       65%         5
 Statue Form              Tmut/Erth      4%         N/A       99%         6
 Dragon Form              Tmut           3%         N/A       100%        7
 Storm Form               Tmut/Air       3%         N/A       100%        7


Dungeon Overview and Level Annotations

Branches:
Dungeon (10/15)            Temple (1/1) D:4            Lair (6/6) D:9
 Shoals (0/4) Lair:3        Snake (0/4) Lair:2
  Slime: Lair:5-6       Orc: D:9-12

Altars:
Ashenzari
Cheibriados
Dithmenos
Elyvilon
Fedhas
Gozag
Hepliaklqana
Kikubaaqudgha
Makhleb
Nemelex Xobeh
Okawaru
Qazlal
Ru
Sif Muna
Trog
Uskayaw
Vehumet
Wu Jian
Xom
Yredelemnul
Zin
The Shining One

Shops:
D:4 !   D:8 [*   D:10 *[

Annotations:
D:2 exclusion: downstairs
D:3 2 runed translucent doors, exclusion: 2 downstairs, issech's ghost, amateur TrMo
D:4 exclusion: ice beast
D:5 2 exclusions
D:6 exclusions: 2 downstairs and 2 vampire mosquitoes
D:7 exclusion: downstairs
D:9 exclusion: downstairs
D:10 3 runed translucent doors, Fannar; Owwww's ghost, journeyman DsFi
Lair:2 exclusion: downstairs
Lair:3 exclusion: oklob plant


Innate Abilities, Weirdness & Mutations

You are very small and have problems with some larger weapons.
You are too small for most types of armour.
You have supernaturally acute eyesight. (SInv)
You cover ground extremely quickly. (Speed+++)


Message History

Item here: a scroll of identify.
The floor.
Unknown command.
A komodo dragon comes into view.
The five-headed hydra bites you!
The five-headed hydra closely misses you.
The five-headed hydra barely misses you.
The five-headed hydra misses you.
The five-headed hydra completely misses you.
The cane toad croaks.
The komodo dragon hisses angrily.
You hear a loud, deep croak!
A cane toad comes into view.
The cane toad gives a loud, deep croak!
Casting: Ensorcelled Hibernation (safe; 1% risk of failure)
Confirm with . or Enter, or press ? or * to list all spells.
Aiming: Ensorcelled Hibernation (safe; 1% risk of failure)
Press: ? - help, Shift-Dir - straight line, f - five-headed hydra
Aim: a five-headed hydra (umbra, chance to affect: 30%)
The five-headed hydra easily resists.
Casting: Ensorcelled Hibernation (safe; 1% risk of failure)
Confirm with . or Enter, or press ? or * to list all spells.
Aiming: Ensorcelled Hibernation (safe; 1% risk of failure)
Press: ? - help, Shift-Dir - straight line, f/p - five-headed hydra
Aim: a five-headed hydra (umbra, chance to affect: 30%)
The five-headed hydra easily resists.
The five-headed hydra misses you.
The five-headed hydra completely misses you.
The five-headed hydra misses you. The five-headed hydra bites you.
The five-headed hydra completely misses you.
Casting: Ensorcelled Hibernation (safe; 1% risk of failure)
Confirm with . or Enter, or press ? or * to list all spells.
Aiming: Ensorcelled Hibernation (safe; 1% risk of failure)
Press: ? - help, Shift-Dir - straight line, f/p - five-headed hydra
Aim: a five-headed hydra (umbra, chance to affect: 30%)
The five-headed hydra easily resists.
The cane toad stings something!
The five-headed hydra bites you! x3
* * * LOW HITPOINT WARNING * * *
The five-headed hydra bites you!
* * * LOW HITPOINT WARNING * * *
The five-headed hydra bites you!
You die... .# .. ......##.. .. .........# ..#### .. ........# ....#.###.
P.P

#...#..# #........## ....
#...##.#####.#.......## ....
##.......P##@#.........##..#
#.#........FFD##.....<...#...##
...≈.......ll###..............#
.≈≈≈♣♣.♣♣♣..###...............
≈ ♣..♣♣...####.#.##..P....#
♣≈F.♣♣....# #...###......#
♣≈≈).♣♣..## ##..## ###.....
.l≈≈≈♣♣...# ##..## ##.P...
♣.l♣.≈≈♣♣..# #....# ###..#...


You could see a five-headed hydra, 2 komodo dragons and 2 cane toads.

Vanquished Creatures
  Harold (D:10)
  3 hydras
  Erica (D:9)
  4 elephants (Lair:3)
  Joseph (D:9)
  2 black mambas
  8 cane toads
  A rime drake (Lair:2)
  9 komodo dragons
  Maggie (D:10)
  3 blink frogs (Lair:4)
  A dream sheep (Lair:6)
  45 yaks
  A vampire (D:10)
  2 wyverns
  3 basilisks
  A steam dragon (Lair:5)
  A vampire mosquito (D:6)
  Grum (D:8)
  2 acid dragons
  4 nagas (Lair:2)
  11 water moccasins
  Duvessa (D:7)
  A black bear (D:9)
  2 sky beasts
  4 orc warriors
  2 necrophages
  An ogre (D:7)
  18 wolves
  2 centaurs
  A kobold brigand (D:9)
  A wyvern zombie (D:7)
  12 bullfrogs
  A scorpion (D:5)
  A water moccasin zombie (D:5)
  Dowan (D:7)
  A water moccasin skeleton (D:5)
  3 killer bees (D:8)
  A wight (D:7)
  2 electric eels (Lair:5)
  2 howler monkeys (D:10)
  A bullfrog zombie (D:5)
  4 centaur zombies
  3 orc priests
  A centaur skeleton (D:7)
  4 hounds
  3 gnoll shamans
  5 iguanas
  6 orc wizards
  3 killer bee zombies
  A mummy (D:9)
  16 gnolls
  5 adders
  2 howler monkey skeletons
  A white imp (D:6)
  2 worms (D:2)
  2 dart slugs
  26 orcs
  5 endoplasms
  2 giant cockroaches
  9 goblins
  8 hobgoblins
  4 jackals
  8 kobolds
  A quokka (D:3)
  3 ball pythons
  6 bats
  6 frilled lizards
  5 rats
305 creatures vanquished.

Vanquished Creatures (others)
  16 fungi
  14 plants
30 creatures vanquished.

Grand Total: 335 creatures vanquished

Notes
Turn   | Place    | Note
-------+----------+-------------------------------------------
     0 | D:1      | PieDemon the Spriggan Ice Elementalist began the quest for
                  | the Orb.
     0 | D:1      | Reached XP level 1. HP: 9/9 MP: 5/5
   311 | D:1      | Reached skill level 1 in Short Blades
   313 | D:1      | Reached XP level 2. HP: 13/13 MP: 0/6
  1194 | D:2      | Reached XP level 3. HP: 17/17 MP: 2/8
  1389 | D:2      | Learned a level 3 spell: Frozen Ramparts
  1574 | D:2      | Reached skill level 4 in Stealth
  1909 | D:3      | Learned a level 3 spell: Ozocubu's Armour
  1952 | D:3      | Reached skill level 1 in Fighting
  1952 | D:3      | Reached XP level 4. HP: 22/22 MP: 4/9
  1998 | D:3      | Found a runed translucent door.
  1999 | D:3      | Noticed issech's ghost (amateur TrMo)
  2026 | D:3      | Found a faded altar of an unknown god.
  2493 | D:3      | Found a runed translucent door.
  2899 | D:3      | Found an opulent altar of Gozag.
  2899 | D:3      | Found a sparkling altar of Nemelex Xobeh.
  2995 | D:4      | Identified 3 scrolls of acquirement
  2995 | D:4      | Acquired PieDemon's Disquisition on Ice
  3000 | D:4      | Learned a level 2 spell: Ensorcelled Hibernation
  3108 | D:4      | Acquired the amulet of Xom's Ringing Laughter {-Tele rPois
                  | rN+ Regen+ Dex+3}
  3115 | D:4      | Acquired the -2 hat of the Alchemist {rElec rPois rF+ rC+
                  | rN+ Will+ rMut rCorr}
  3115 | D:4      | Found the -2 hat of the Alchemist {rElec rPois rF+ rC+ rN+
                  | Will+ rMut rCorr}
  3123 | D:4      | Noticed a phantom
  3220 | D:4      | Reached XP level 5. HP: 25/25 MP: 7/11
  3266 | D:4      | Noticed a necrophage
  3448 | D:4      | Found a sacrificial altar of Ru.
  3512 | D:4      | Found a staircase to the Ecumenical Temple.
  3518 | Temple   | Entered the Ecumenical Temple
  3733 | D:4      | Found Ynouq's Distillery.
  3744 | D:4      | Bought a potion of heal wounds for 65 gold pieces
  3815 | D:4      | Noticed an ice beast
  3819 | D:5      | Entered Level 5 of the Dungeon
  3843 | D:5      | Reached skill level 1 in Hexes
  3934 | D:5      | Found a glowing golden altar of the Shining One.
  3938 | D:5      | Reached skill level 5 in Stealth
  4029 | D:5      | Reached XP level 6. HP: 28/30 MP: 12/12
  4470 | D:5      | Found a blossoming altar of Fedhas.
  4814 | D:6      | Noticed a sky beast
  4829 | D:6      | Killed a sky beast
  4830 | D:6      | Reached skill level 6 in Stealth
  4830 | D:6      | Reached XP level 7. HP: 35/35 MP: 2/14
  5280 | D:6      | Reached skill level 5 in Hexes
  5371 | D:6      | Reached skill level 7 in Stealth
  5409 | D:6      | Noticed a vampire mosquito
  5710 | D:6      | Noticed a vampire mosquito
  5729 | D:7      | Noticed Dowan
  5944 | D:7      | Reached XP level 8. HP: 39/39 MP: 15/15
  5995 | D:7      | Found a hazy altar of Hepliaklqana.
  6005 | D:7      | Reached skill level 5 in Dodging
  6193 | D:7      | Reached skill level 8 in Stealth
  6381 | D:7      | Noticed Duvessa
  6387 | D:7      | Killed Duvessa
  6401 | D:7      | Killed Dowan
  6500 | D:7      | Reached skill level 9 in Stealth
  6707 | D:8      | Reached skill level 1 in Evocations
  6859 | D:8      | HP: 1/39 [orc priest/divine providence (11)]
  7122 | D:8      | Found Fiaxogu's Island Escapes.
  7178 | D:8      | Reached XP level 9. HP: 37/42 MP: 11/16
  7182 | D:8      | Reached skill level 10 in Stealth
  7194 | D:8      | Noticed Grum
  7200 | D:8      | Killed Grum
  7390 | D:8      | Reached skill level 11 in Stealth
  7570 | D:8      | Found Utobo's Antique Armour Emporium.
  7610 | D:8      | Reached skill level 12 in Stealth
  7901 | D:8      | Reached skill level 5 in Evocations
  7909 | D:8      | Reached skill level 13 in Stealth
  7911 | D:8      | Reached XP level 10. HP: 45/46 MP: 0/17
  8543 | D:9      | Found a shadowy altar of Dithmenos.
  9084 | D:9      | Reached skill level 14 in Stealth
  9147 | D:9      | Found a snail-covered altar of Cheibriados.
  9147 | D:9      | Noticed Joseph
  9150 | D:9      | Killed Joseph
  9253 | D:9      | Noticed Erica
  9297 | D:9      | Killed Erica
  9360 | D:9      | Found a staircase to the Lair.
  9380 | D:9      | Reached skill level 15 in Stealth
  9957 | D:10     | Entered Level 10 of the Dungeon
  9993 | D:10     | Noticed Harold
  9999 | D:10     | Killed Harold
 10000 | D:10     | Reached skill level 10 in Dodging
 10079 | D:10     | Noticed Maggie
 10086 | D:10     | Killed Maggie
 10157 | D:10     | Noticed Fannar
 10289 | D:10     | Found Hiojau's Antique Armour Boutique.
 10373 | D:10     | Reached XP level 11. HP: 40/52 MP: 13/18
 10406 | D:10     | Found a runed translucent gate.
 10406 | D:10     | Found a runed translucent gate.
 10406 | D:10     | Found a runed translucent gate.
 10407 | D:10     | Found an opulent altar of Gozag.
 10408 | D:10     | Found Ysicev's Assorted Antiques.
 10408 | D:10     | Noticed Owwww's ghost (journeyman DsFi)
 10408 | D:10     | Noticed a fire giant
 10593 | D:10     | Found an iron altar of Okawaru.
 11143 | D:5      | Reached skill level 16 in Stealth
 11413 | D:9      | Became a worshipper of Dithmenos the Shadowed
 11440 | Lair:1   | Entered Level 1 of the Lair of Beasts
 11988 | Lair:1   | Noticed a four-headed hydra
 11997 | Lair:1   | Killed a four-headed hydra
 12043 | Lair:1   | Reached skill level 17 in Stealth
 12676 | Lair:2   | Found a staircase to the Snake Pit.
 12695 | Lair:2   | Reached * piety under Dithmenos
 12700 | Lair:2   | Reached skill level 18 in Stealth
 12989 | Lair:2   | Reached skill level 10 in Evocations
 13089 | Lair:2   | Reached skill level 1 in Invocations
 13235 | Lair:2   | Reached XP level 12. HP: 58/58 MP: 16/19
 13955 | Lair:2   | Learned a level 3 spell: Tukima's Dance
 13963 | Lair:2   | Learned a level 7 spell: Enfeeble
 14120 | Lair:3   | Noticed an eight-headed hydra
 14251 | Lair:3   | Found a staircase to the Shoals.
 14738 | Lair:3   | Reached skill level 19 in Stealth
 14863 | Lair:3   | Noticed a seven-headed hydra
 14870 | Lair:3   | Killed a seven-headed hydra
 14937 | Lair:3   | Reached skill level 5 in Fighting
 14964 | Lair:3   | Reached skill level 5 in Spellcasting
 15390 | Lair:4   | Reached ** piety under Dithmenos
 15629 | Lair:4   | Reached skill level 10 in Hexes
 16179 | Lair:4   | You fall into a shaft and drop 2 floors!
 16179 | Lair:6   | Entered Level 6 of the Lair of Beasts
 16380 | Lair:5   | Noticed a four-headed hydra
 16387 | Lair:5   | Killed a four-headed hydra
 16455 | Lair:5   | Noticed a five-headed hydra
 16472 | Lair:5   | Slain by a five-headed hydra

Illustrated notes

Levels and vault maps discovered:
D:1:      lemuel_arrival_rhombus, layout_loops_ring
D:2:      layout_rooms, amcnicky_mini_corridor_feature, minmay_pentomino_z2
D:3:      layout_rooms, grunt_temple_overflow_opulence, ebering_ghost_sewer_f,
          hellmonk_ecumenical_altar_heavens_door
D:4:      minmay_opposing_rooms, layout_loops_corners,
          mainiacjoe_overflow_six_doors_small,
          minmay_temple_entry_enclosed_plants, serial_shops, shop, dk_vineyard_2
D:5:      layout_loops_ring, fedhas_ov_isle_minmay, amcnicky_altar_gilded
D:6:      layout_basic
D:7:      layout_cave_pools, mainiacjoe_overflow_catwalk, uniq_duvessa
D:8:      layout_loops_ring, serial_shops, shop, nicolae_island_escapes,
          uniq_grum
D:9:      layout_stronghold, slow_altar_1, nicolae_dithmenos_shadow_blocks,
          david_lair_generic, uniq_erica, uniq_joseph
D:10:     layout_irregular_city, okawaru_metal_pillars_1_2, serial_shops,
          nicolae_square_shop, ebering_ghost_gozag, uniq_maggie, uniq_fannar,
          uniq_harold
Temple:   cyrus_circular_temple
Lair:1:   layout_cave_pods, minmay_shattered_shrine, grunt_megastairs_3
Lair:2:   layout_cave_pods, minmay_snake_entry_guardpost_small,
          lemuel_fruit_tree, grunt_megastairs_5
Lair:3:   minmay_lair_oklob_tunnel, layout_chaotic_city,
          elwin_shoals_entry_rocks
Lair:4:   layout_regular_city, lemuel_fruit_fields
Lair:5:   layout_loops_ring, fungi_pond_lemuel, guppyfry_lair_drakes
Lair:6:   hellmonk_lair_end_abyssal_woods, layout_regular_city, slime_altar_2,
          chequers_serial_rivers_room_b, bobbens_dragon_lair_wall

Skill      XL: |  1  2  3  4  5  6  7  8  9 10 11 12 |
---------------+-------------------------------------+-----
Short Blades   | 1 2 3 4 |  4.1
Dodging        | 3 4 6 8 10 12 | 12.0
Spellcasting   | 3 4 6 |  6.1
Stealth        | 4 5 6 7 9 13 15 18 19 | 19.6
Fighting       | 1 2 3 4 5 |  5.6
Hexes          | 2 3 6 8 10 | 10.4
Ice Magic      | 4 |  4.0
Evocations     | 1 5 7 10 | 10.0
Invocations    | 1 4 |  4.0

Action                   |  1- 3 |  4- 6 |  7- 9 | 10-12 || total
-------------------------+-------+-------+-------+-------++-------
Melee: Short sword       |     3 |       |       |       ||     3
       Dagger            |    26 |    56 |   228 |   210 ||   520
       Punch             |       |     2 |     5 |       ||     7
Throw: Stone             |     6 |       |     1 |       ||     7
       Dart              |     5 |       |       |       ||     5
 Cast: Freeze            |    55 |    19 |     3 |       ||    77
       Frozen Ramparts   |     1 |     8 |     5 |       ||    14
       Ensorcelled Hiber |       |    10 |    84 |   197 ||   291
       Ozocubu's Armour  |       |     1 |     5 |       ||     6
Evoke: Wand              |       |       |     5 |     5 ||    10
  Use: Scroll            |       |     7 |     4 |     9 ||    20
 Stab: Sleeping          |    11 |    11 |    56 |   147 ||   225
       Distracted        |       |     1 |     2 |     3 ||     6
       Paralysed         |       |       |       |     2 ||     2
Armor: Robe              |     9 |     7 |    16 |     3 ||    35
Dodge: Dodged            |    45 |    50 |   199 |   235 ||   529
